 Dungeon Sprint DCSS version 0.31-a0-536-ga3e2962e35 (webtiles) character file.

Game seed: 13625513504930207020

3755832 Conn the Archmage (level 23, 197/197 HPs)
             Began as an Octopode Fire Elementalist on Aug 13, 2023.
             Was the Champion of Sif Muna.
             Escaped with the Orb
             ... and 3 runes!
             The game lasted 02:43:09 (18410 turns).

Conn the Archmage (Octopode Fire Elementalist)     Turns: 18410, Time: 02:43:09

Health: 197/197    AC: 16    Str:  7    XL:     23   Next: 76%
Magic:  54/72      EV: 35    Int: 32    God:    Sif Muna [******]
Gold:   233        SH: 38    Dex: 16    Spells: 0/76 levels left

rFire   + + +        g - staff of conjuration
rCold   + . .        v - +8 tower shield {AC+3}
rNeg    + + +        j - +0 hat "Isoegeny" {rElec Str+2 Slay+2}
rPois   .            W - amulet "Lenan" {Reflect rN+ SH+5}
rElec   +            x - ring of Fyxiefaro {Fire rN++}
rCorr   +            E - ring "Zapo" {rC- AC+6 Dex+4}
SInv    +            I - ring of Immorality {Drain rF+ rC+ rN+ Int+3}
Will    ++++.        y - ring of Sicziggu {rElec MP+9 AC+6}
Stlth   ++++         B - ring "Kilatu" {Will+ EV+6 Dex+4}
HPRegen 0.52/turn    O - ring "Vidin" {Wiz Will++ MP+9 Str-5 SInv}
MPRegen 0.43/turn    n - ring "Sacwoj" {rF+ rC+ rN++ rCorr Dex-3}
                     F - ring of Ignis's Displeasure {rC+ rN+ Int+4 Dex-2}

%: no teleportation, reflection, wizardry (x1)
@: no status effects
A: almost no armour, amphibious, 8 rings, camouflage 1, gelatinous body 1,
(nimble swimmer 1), tentacles, screaming 1, wild magic 1, inability to drink
after injury 1
0: Orb of Zot
}: 3/3 runes: silver, golden, iron
a: Renounce Religion, Channel Magic, Forget Spell, Divine Exegesis


You escaped.
You worshipped Sif Muna.
Sif Muna was exalted by your worship.
You visited 1 branch You collected 233 gold pieces.

Inventory:

Hand Weapons
 h - the +7 long sword of Cojem {protect, rCorr SInv}
   (You took it off a yellow draconian in the Dungeon)

   SInv:      It lets you see invisible.
   rCorr:     It protects you from acid and corrosion.
Armour
 j - the +0 hat "Isoegeny" (worn) {rElec Str+2 Slay+2}
   (You found it in the Dungeon)

   Str+2:     It affects your strength (+2).
   Slay+2:    It affects your accuracy & damage with ranged weapons and melee
   (+2).
   rElec:     It insulates you from electricity.
 v - a +8 tower shield of protection (worn)
Magical Staves
 g - a staff of conjuration (weapon)
 U - a staff of fire
Jewellery
 i - the ring "Qar Osac" {Fire rN++ Int-3 Dex+2 Stlth+}
   (You found it in the Dungeon)

   [ring of fire]

   Fire:      It enhances your fire magic.
   Int-3:     It affects your intelligence (-3).
   Dex+2:     It affects your dexterity (+2).
   rF+:       It protects you from fire.
   rC-:       It makes you vulnerable to cold.
   rN++:      It greatly protects you from negative energy.
   Stlth+:    It makes you more stealthy.
 n - the ring "Sacwoj" (on tentacle) {rF+ rC+ rN++ rCorr Dex-3}
   (You found it in the Dungeon)

   [ring of resist corrosion]

   Dex-3:     It affects your dexterity (-3).
   rF+:       It protects you from fire.
   rC+:       It protects you from cold.
   rN++:      It greatly protects you from negative energy.
   rCorr:     It protects you from acid and corrosion.
 w - the ring "Otrynkex" {Ice Dex+3}
   (You found it in the Dungeon)

   [ring of ice]

   Ice:       It enhances your ice magic.
   Dex+3:     It affects your dexterity (+3).
   rF-:       It makes you vulnerable to fire.
   rC+:       It protects you from cold.
 x - the ring of Fyxiefaro (left tentacle) {Fire rN++}
   (You found it in the Dungeon)

   [ring of fire]

   Fire:      It enhances your fire magic.
   rF+:       It protects you from fire.
   rC-:       It makes you vulnerable to cold.
   rN++:      It greatly protects you from negative energy.
 y - the ring of Sicziggu (on tentacle) {rElec MP+9 AC+6}
   (You found it in the Dungeon)

   [ring of protection]

   AC+6:      It affects your AC (+6).
   rElec:     It insulates you from electricity.
   MP+9:      It affects your magic capacity (+9).
 z - the ring of the Verdant Date {Will+ Str+2}
   (You found it in the Dungeon)

   [ring of willpower]

   Str+2:     It affects your strength (+2).
   Will+:     It increases your willpower.
 A - the ring of the Turtle {+Blink Will- Str+2 SInv}
   (You found it in the Dungeon)

   [ring of see invisible]

   Str+2:     It affects your strength (+2).
   Will-:     It decreases your willpower.
   SInv:      It lets you see invisible.
   +Blink:    It lets you blink.
 B - the ring "Kilatu" (on tentacle) {Will+ EV+6 Dex+4}
   (You found it in the Dungeon)

   [ring of evasion]

   EV+6:      It affects your evasion (+6).
   Dex+4:     It affects your dexterity (+4).
   Will+:     It increases your willpower.
 C - the ring "Muzar" {rN++ EV+6 Int+2 Dex-5}
   (You found it in the Dungeon)

   [ring of evasion]

   EV+6:      It affects your evasion (+6).
   Int+2:     It affects your intelligence (+2).
   Dex-5:     It affects your dexterity (-5).
   rN++:      It greatly protects you from negative energy.
 D - the ring of Qulats {rF+ rC+ Slay+3 SInv}
   (You found it in the Dungeon)

   [ring of protection from cold]

   Slay+3:    It affects your accuracy & damage with ranged weapons and melee
   (+3).
   rF+:       It protects you from fire.
   rC+:       It protects you from cold.
   SInv:      It lets you see invisible.
 E - the ring "Zapo" (right tentacle) {rC- AC+6 Dex+4}
   (You found it in the Dungeon)

   [ring of protection]

   AC+6:      It affects your AC (+6).
   Dex+4:     It affects your dexterity (+4).
   rC-:       It makes you vulnerable to cold.
 F - the ring of Ignis's Displeasure (on tentacle) {rC+ rN+ Int+4 Dex-2}
   (You found it in the Dungeon)

   [ring of positive energy]

   Int+4:     It affects your intelligence (+4).
   Dex-2:     It affects your dexterity (-2).
   rC+:       It protects you from cold.
   rN+:       It protects you from negative energy.
 G - the ring "Kecyosos" {rElec rF- Slay+4 SInv}
   (You found it in the Dungeon)

   [ring of see invisible]

   Slay+4:    It affects your accuracy & damage with ranged weapons and melee
   (+4).
   rF-:       It makes you vulnerable to fire.
   rElec:     It insulates you from electricity.
   SInv:      It lets you see invisible.
 H - the ring "Ysau" {rF+ rN+ Int+2 Slay-2}
   (You found it in the Dungeon)

   [ring of protection from fire]

   Int+2:     It affects your intelligence (+2).
   Slay-2:    It affects your accuracy & damage with ranged weapons and melee
   (-2).
   rF+:       It protects you from fire.
   rN+:       It protects you from negative energy.
 I - the ring of Immorality (on tentacle) {Drain rF+ rC+ rN+ Int+3}
   (You found it in the Dungeon)

   [ring of protection from fire]

   Int+3:     It affects your intelligence (+3).
   rF+:       It protects you from fire.
   rC+:       It protects you from cold.
   rN+:       It protects you from negative energy.
   Drain:     It drains your maximum health when unequipped.
 L - the ring of the Unicorn {rN+ Dex+2 Slay+5 SInv}
   (You found it in the Dungeon)

   [ring of slaying]

   Dex+2:     It affects your dexterity (+2).
   Slay+5:    It affects your accuracy & damage with ranged weapons and melee
   (+5).
   rN+:       It protects you from negative energy.
   SInv:      It lets you see invisible.
 M - the ring "Ryrugid" {rPois rN+ Will- Str+6}
   (You found it in the Dungeon)

   [ring of strength]

   Str+6:     It affects your strength (+6).
   rPois:     It protects you from poison rN+: It protects you from negative
   energy.
   Will-:     It decreases your willpower.
 O - the ring "Vidin" (on tentacle) {Wiz Will++ MP+9 Str-5 SInv}
   (You took it off an orc sorcerer in the Dungeon)

   [ring of wizardry]

   Wiz:       It improves your spell success rate.
   Str-5:     It affects your strength (-5).
   Will++:    It greatly increases your willpower.
   MP+9:      It affects your magic capacity (+9).
   SInv:      It lets you see invisible.
 P - the amulet of Xom's Entertainment {Acrobat Fragile rN+ Dex+5}
   (You found it in the Dungeon)

   [amulet of the acrobat]

   Acrobat:   It increases your evasion while moving and waiting.
   Dex+5:     It affects your dexterity (+5).
   rN+:       It protects you from negative energy.
   Fragile:   It will be destroyed if unequipped.
 Q - the amulet of the Noxious Mango {RegenMP rN+ Str-4 SInv}
   (You found it in the Dungeon)

   [amulet of magic regeneration]

   RegenMP:   It increases your rate of magic regeneration.
   Str-4:     It affects your strength (-4).
   rN+:       It protects you from negative energy.
   SInv:      It lets you see invisible.
 R - the ring of Zaequv {rF+ rN+ rCorr}
   (You found it in the Dungeon)

   [ring of protection from fire]

   rF+:       It protects you from fire.
   rN+:       It protects you from negative energy.
   rCorr:     It protects you from acid and corrosion.
 S - the amulet "Yrasucs" {Spirit rF+++ Will++ Int-3 Dex+4}
   (You found it in the Dungeon)

   [amulet of guardian spirit]

   Spirit:    It causes incoming damage to be divided between your reserves of
   health and magic.
   Int-3:     It affects your intelligence (-3).
   Dex+4:     It affects your dexterity (+4).
   rF+++:     It renders you almost immune to fire.
   Will++:    It greatly increases your willpower.
 T - the ring "Dalij" {rPois rCorr SInv}
   (You found it in the Dungeon)

   [ring of see invisible]

   rPois:     It protects you from poison SInv: It lets you see invisible.
   rCorr:     It protects you from acid and corrosion.
 V - the ring of the Iron Devil {rC+ Dex-5 Slay+5 SInv Stlth+}
   (You found it in the Dungeon)

   [ring of slaying]

   Dex-5:     It affects your dexterity (-5).
   Slay+5:    It affects your accuracy & damage with ranged weapons and melee
   (+5).
   rC+:       It protects you from cold.
   SInv:      It lets you see invisible.
   Stlth+:    It makes you more stealthy.
 W - the amulet "Lenan" (around mantle) {Reflect rN+ SH+5}
   (You found it in the Dungeon)

   [amulet of reflection]

   Reflect:   It reflects blocked missile attacks.
   rN+:       It protects you from negative energy.
   SH+5:      It affects your SH (+5).
 Z - the ring of Xomahama {rN+ Will+ AC+4}
   (You took it off a skeletal warrior in the Dungeon)

   [ring of protection]

   AC+4:      It affects your AC (+4).
   rN+:       It protects you from negative energy.
   Will+:     It increases your willpower.
Wands
 d - a wand of acid (2)
 J - a wand of roots (20)
 K - a wand of digging (5)
Scrolls
 f - 2 scrolls of blinking
 o - 2 scrolls of fear
 r - 15 scrolls of identify
 s - 5 scrolls of fog
 t - 3 scrolls of enchant weapon
 u - a scroll of enchant armour
 N - a scroll of immolation
Potions
 a - 8 potions of magic
 b - 15 potions of curing
 c - 14 potions of heal wounds
 e - 9 potions of berserk rage
 k - 6 potions of mutation
 l - 7 potions of haste
 m - 4 potions of might
 p - a potion of resistance
 q - 8 potions of brilliance
 Y - a potion of lignification
Miscellaneous
 X - a sack of spiders


   Skills:
 O Level 27 Fighting
 + Level 4.1 Long Blades
 + Level 4.2(6.5) Axes
 + Level 7.8(19.5) Polearms
 O Level 27 Staves
 O Level 27 Dodging
 O Level 27 Stealth
 O Level 27 Shields
 + Level 4.1 Unarmed Combat
 O Level 27 Spellcasting
 O Level 27 Conjurations
 + Level 8.3 Hexes
 + Level 9.0 Summonings
 O Level 27 Translocations
 O Level 27 Fire Magic
 O Level 27 Ice Magic
 O Level 27 Air Magic
 * Level 17.6 Earth Magic
 + Level 6.3 Poison Magic
 O Level 27 Invocations
 + Level 3.9 Evocations


You couldn't memorise any spells.
You knew the following spells:

 Your Spells              Type           Power      Damage    Failure   Level
a - Foxfire               Conj/Fire      100%       2x1d9     1%          1
b - Scorch                Fire           100%       2d9       1%          2
c - Ignition              Fire           80%        3d21      1%          8
d - Orb of Destruction    Conj           80%        9d18      1%          7
e - Mephitic Cloud        Conj/Pois/Air  100%       N/A       1%          3
f - Fire Storm            Conj/Fire      94%        8d24      1%          9
g - Polar Vortex          Ice            68%        12d9*     1%          9
h - Chain Lightning       Conj/Air       80%        3d107     1%          9
i - Lehudib's Crystal Sp  Conj/Erth      76%        10d17     1%          8
j - Iskenderun's Mystic   Conj/Tloc      100%       2d19      1%          4
k - Plasma Beam           Fire/Air       80%        2x1d98    1%          6
n - Blink                 Tloc           100%       N/A       1%          2
o - Disjunction           Tloc           68%        N/A       1%          8

Your spell library contained the following spells:

 Spells                   Type           Power      Damage    Failure   Level
 Apportation              Tloc           100%       N/A       1%          1
 Freeze                   Ice            100%       1d10      1%          1
 Kiss of Death            Conj/Necr      100%       2d13      1%          1
 Magic Dart               Conj           100%       1d8       1%          1
 Necrotise                Necr           100%       1d9       1%          1
 Sandblast                Erth           100%       2d20      1%          1
 Shock                    Conj/Air       100%       1d9       1%          1
 Slow                     Hex            100%       N/A       1%          1
 Sting                    Tmut/Pois      100%       1d8       1%          1
 Summon Small Mammal      Summ           100%       N/A       1%          1
 Call Imp                 Summ           100%       N/A       1%          2
 Cigotuvi's Dreadful Rot  Necr/Pois/Air  100%       N/A       1%          2
 Ensorcelled Hibernation  Hex/Ice        100%       N/A       1%          2
 Lesser Beckoning         Tloc           100%       N/A       1%          2
 Momentum Strike          Conj/Tloc      100%       3d10      1%          2
 Passwall                 Tmut/Erth      76%        N/A       1%          2
 Poisonous Vapours        Pois/Air       100%       N/A       1%          2
 Searing Ray              Conj           100%       2d8       1%          2
 Static Discharge         Conj/Air       100%       2-7/arc   1%          2
 Sublimation of Blood     Necr           54%        N/A       1%          2
 Wereblood                Tmut           54%        N/A       1%          2
 Call Canine Familiar     Summ           92%        N/A       1%          3
 Confusing Touch          Hex            90%        N/A       1%          3
 Dazzling Flash           Conj/Hex       100%       N/A       1%          3
 Frozen Ramparts          Ice            100%       1d16      1%          3
 Gell's Gravitas          Tloc           100%       N/A       1%          3
 Hailstorm                Conj/Ice       100%       3d20      1%          3
 Ignite Poison            Fire/Tmut/Pois 100%       N/A       1%          3
 Inner Flame              Hex/Fire       100%       N/A       1%          3
 Ozocubu's Armour         Ice            100%       N/A       1%          3
 Portal Projectile        Hex/Tloc       100%       N/A       1%          3
 Stone Arrow              Conj/Erth      100%       3d13      1%          3
 Summon Guardian Golem    Hex/Summ       91%        N/A       1%          3
 Swiftness                Air            100%       N/A       1%          3
 Teleport Other           Tloc           100%       N/A       1%          3
 Tukima's Dance           Hex            90%        N/A       1%          3
 Vampiric Draining        Necr           54%        2d9       1%          3
 Vhi's Electric Charge    Tloc/Air       100%       N/A       1%          3
 Volatile Blastmotes      Fire/Tloc      100%       2d18      1%          3
 Airstrike                Air            68%        2d(10-26) 1%          4
 Anguish                  Hex/Necr       37%        N/A       1%          4
 Cause Fear               Hex            45%        N/A       1%          4
 Flame Wave               Conj/Fire      100%       2d21      1%          4
 Fulminant Prism          Conj/Hex       70%        3d29      1%          4
 Leda's Liquefaction      Hex/Erth       52%        N/A       1%          4
 Manifold Assault         Tloc           100%       N/A       1%          4
 Olgreb's Toxic Radiance  Pois           83%        N/A       1%          4
 Passage of Golubria      Tloc           100%       N/A       1%          4
 Petrify                  Tmut/Erth      92%        N/A       1%          4
 Sticky Flame             Conj/Fire      100%       2d11      1%          4
 Summon Ice Beast         Ice/Summ       100%       N/A       1%          4
 Summon Lightning Spire   Summ/Air       100%       N/A       1%          4
 Arcjolt                  Conj/Air       80%        1d90      1%          5
 Borgnjor's Vile Clutch   Necr/Erth      46%        N/A       1%          5
 Fireball                 Conj/Fire      94%        3d34      1%          5
 Freezing Cloud           Conj/Ice/Air   80%        6-21      1%          5
 Irradiate                Conj/Tmut      64%        3d33      1%          5
 Iskenderun's Battlesphe  Conj           100%       2d15      1%          5
 Lee's Rapid Deconstruct  Erth           58%        3d27*     1%          5
 Metabolic Englaciation   Hex/Ice        58%        N/A       1%          5
 Silence                  Hex/Air        58%        N/A       1%          5
 Summon Forest            Summ/Tloc      58%        N/A       1%          5
 Summon Mana Viper        Hex/Summ       91%        N/A       1%          5
 Yara's Violent Unravell  Hex/Tmut       37%        3d15      1%          5
 Conjure Ball Lightning   Conj/Air       80%        3x3d30    1%          6
 Dispersal                Tloc           68%        N/A       1%          6
 Leda's Unmaking          Conj/Erth      76%        9d12      1%          6
 Simulacrum               Ice/Necr       53%        N/A       1%          6
 Starburst                Conj/Fire      94%        6d23      1%          6
 Summon Cactus Giant      Summ           46%        N/A       1%          6
 Malign Gateway           Summ/Tloc      58%        N/A       1%          7
 Ozocubu's Refrigeration  Ice            68%        4d22      1%          7
 Spellforged Servitor     Conj/Summ      71%        N/A       1%          7
 Maxwell's Capacitive Co  Air            68%        ∞         1%          8
 Alistair's Intoxication  Tmut/Pois      46%        N/A       2%          5
 Animate Dead             Necr           54%        N/A       3%          4
 Dispel Undead            Necr           54%        3d20      3%          4
 Monstrous Menagerie      Summ           46%        N/A       6%          7
 Summon Hydra             Summ           46%        N/A       6%          7
 Agony                    Necr           54%        N/A       9%          5
 Enfeeble                 Hex            45%        N/A       9%          7
 Eringya's Noxious Bog    Tmut/Pois      35%        4d6       12%         6
 Shatter                  Erth           58%        3d43*     21%         9
 Haunt                    Necr/Summ      38%        N/A       32%         7
 Death Channel            Necr           27%        N/A       38%         6
 Summon Horrible Things   Summ           46%        N/A       38%         8
 Discord                  Hex            45%        N/A       47%         8
 Dragon's Call            Summ           46%        N/A       99%         9
 Borgnjor's Revivificati  Necr           27%        N/A       100%        8
 Infestation              Necr           27%        N/A       100%        8
 Death's Door             Necr           27%        N/A       100%        9


Dungeon Overview and Level Annotations

Branches:
Dungeon (1/1)

Altars:
Ashenzari
Cheibriados
Dithmenos
Elyvilon
Fedhas
Gozag
Hepliaklqana
Kikubaaqudgha
Makhleb
Nemelex Xobeh
Okawaru
Qazlal
Ru
Sif Muna
Trog
Uskayaw
Vehumet
Wu Jian
Xom
Yredelemnul
Zin
The Shining One
Jiyva
Lugonu


Innate Abilities, Weirdness & Mutations

You cannot wear most types of armour.
You are amphibious.
You can wear up to eight rings at the same time.
Your skin changes colour to match your surroundings (Stealth+).
Your rubbery body absorbs attacks. (AC +1, EV +1)
((You are camouflaged when in or above water. (Stealth+)))
You have tentacles for arms and can constrict up to eight enemies at once.
You occasionally shout uncontrollably at your foes.
Your spells are a little harder to cast, but a little more powerful.
You occasionally lose the ability to drink potions when taking damage.


Message History

You start resting.
A sixfirhy comes into view.
Casting: Fire Storm (dangerous; 1% risk of failure)
Confirm with . or Enter, or press ? or * to list all spells.
Aiming: Fire Storm (dangerous; 1% risk of failure)
Press: ? - help, Dir - move target You feel a strong surge of power!
A raging storm of fire appears!
The great blast of fire engulfs the sixfirhy!!!!
You kill the sixfirhy!
Sif Muna accepts your kill.
Your Summonings skill increases to level 9!
Your Earth Magic skill increases to level 17!
Unknown command.
Unknown command.
Something hits your fire vortex.
Your fire vortex hits something.
Your fire vortex burns something!
Your fire vortex dissipates!
Your fire vortex hits something.
Your fire vortex burns something!
Your fire vortex dissipates!
You start resting.
A lich comes into view.
Casting: Fire Storm (dangerous; 1% risk of failure)
Confirm with . or Enter, or press ? or * to list all spells.
Aiming: Fire Storm (dangerous; 1% risk of failure)
Press: ? - help, Dir - move target You feel a strong surge of power!
A raging storm of fire appears!
The great blast of fire engulfs the lich!!!!
You destroy the lich!
Sif Muna accepts your kill. x2
You feel a bit more experienced.
You hear a roar!
Unknown command.
Unknown command.
A Tzitzimitl comes into view.
The Tzitzimitl gestures at you.
The bolt of negative energy hits your fire vortex.
Your fire vortex completely resists.
The bolt of negative energy hits you but does no damage.
You resist.
You have escaped!

##########.##.v....vv.......)''..
#...........').)).....GG.....''..
#'#####'#####.)))).#..#......##..
#.#...#.#[[##.[).1...........##..
#.#...#.#))#####v#####''#########
#.#...'.#))##...v...##''# ##### #
#.##†####))##.).)...##..###.).###
#.#.....#..##..)).v.##...##[)[##.
#.#.....#'###.))@...###...##'##..
#.#........##.).)...# ##)....)...
#.#........##..÷.÷..###..###[###)
#'###########)...÷..##..##.)..)##
#.......#..###########..'......)'
#...#...#)############..##.....##
#...#...#)#....#..[[###..###'###.
#.##.##.#'#....#..[[# ##.........
#...#...#.'....'..))###...##'##..


You could see a Tzitzimitl (ally target) and 3 friendly fire vortices.

Vanquished Creatures
  Antaeus (D)
  the Royal Jelly (D)
  15 pandemonium lords (D)
  3 seraphim (D)
  Dissolution (D)
  Dispater (D)
  Khufu (D)
  5 orbs of fire (D)
  Tiamat (D)
  Mara (D)
  5 ancient liches (D)
  Mennas (D)
  6 royal mummies (D)
  Boris (twice) (D)
  the Lernaean hydra (D)
  A Killer Klown (D)
  Margery (D)
  Frederick (D)
  3 curse toes (D)
  Geryon (D)
  Xtahua (D)
  Jory (D)
  Nikola (D)
  A golden dragon (D)
  2 profane servitors (D)
  7 bone dragons (D)
  Arachne (D)
  5 pearl dragons (D)
  4 electric golems (D)
  3 Tzitzimimeh (D)
  3 Brimstone Fiends (D)
  2 hellephants (D)
  7 Hell Sentinels (D)
  4 Ice Fiends (D)
  38 Orb Guardians (D)
  2 tentacled monstrosities (D)
  7 titans (D)
  4 quicksilver dragons (D)
  5 liches (D)
  7 deep elf blademasters (D)
  8 acid blobs (D)
  A sphinx (D)
  A deep elf master archer (D)
  4 Executioners (D)
  A draconian monk (D)
  4 daevas (D)
  5 rockslimes (D)
  A frost giant (D)
  13 azure jellies (D)
  A shadow dragon (D)
  A fire giant (D)
  A draconian knight (D)
  An iron dragon (D)
  7 balrugs (D)
  3 deep elf sorcerers (D)
  Louise (D)
  3 ghost moths (D)
  8 ghouls (D)
  6 angels (D)
  A draconian stormcaller (D)
  22 orc warlords (D)
  A quicksilver ooze (D)
  2 draconian annihilators (D)
  4 reapers (D)
  2 spriggan defenders (D)
  3 cacodemons (D)
  A war gargoyle (D)
  An ophan (D)
  4 demonspawn corrupters (D)
  An apis (D)
  2 deep elf demonologists (D)
  9 black draconians (D)
  5 lorocyprocas (D)
  8 vampire knights (D)
  5 green draconians (D)
  2 yellow draconians (D)
  A minotaur (D)
  3 white draconians (D)
  4 red draconians (D)
  A purple draconian (D)
  A demonspawn black sun (D)
  2 deep elf annihilators (D)
  3 deep elf death magi (D)
  3 ettins (D)
  7 blizzard demons (D)
  An eidolon (D)
  4 mummy priests (D)
  2 dire elephants (D)
  A merfolk javelineer (D)
  5 green deaths (D)
  3 fire dragons (D)
  3 deep elf high priests (D)
  2 yaktaur captains (D)
  3 hell beasts (D)
  An ogre mage (D)
  2 hydras (D)
  2 catoblepae (D)
  3 vault guards (D)
  Harold (D)
  Erolcha (D)
  An ice dragon (D)
  2 alligator snapping turtles (D)
  2 spriggan air magi (D)
  2 iron elementals (D)
  A dancing weapon (D)
  An anaconda (D)
  7 death knights (D)
  An alligator (D)
  2 naga warriors (D)
  4 orc high priests (D)
  A demonic crawler (D)
  A deep troll shaman (D)
  2 death yaks (D)
  7 hell hogs (D)
  4 vampire magi (D)
  3 spriggan berserkers (D)
  20 sun demons (D)
  8 hell knights (D)
  3 fire crabs (D)
  4 soul eaters (D)
  4 deep elf knights (D)
  An iron troll (D)
  10 sixfirhies (D)
  5 skeletal warriors (D)
  A spriggan druid (D)
  A flayed ghost (D)
  A death drake (D)
  3 deep trolls (D)
  6 cherubim (D)
  A swamp dragon (D)
  2 shadow demons (D)
  3 wizards (D)
  5 bog bodies (D)
  2 glowing orange brains (D)
  19 orc knights (D)
  3 necromancers (D)
  2 phantasmal warriors (D)
  A deep elf pyromancer (D)
  A manticore (D)
  4 orc sorcerers (D)
  3 ugly things (D)
  2 rust devils (D)
  4 elephants (D)
  A naga mage (D)
  2 gargoyles (D)
  5 smoke demons (D)
  3 cane toads (D)
  8 hellions (D)
  5 orange demons (D)
  A yaktaur (D)
  A kobold demonologist (D)
  An efreet (D)
  7 ice devils (D)
  7 guardian mummies (D)
  5 red devils (D)
  6 tormentors (D)
  A tyrant leech (D)
  A polar bear (D)
  2 wind drakes (D)
  3 merfolk (D)
  8 hellwings (D)
  A tarantella (D)
  8 blink frogs (D)
  7 dream sheep (D)
  2 flying skulls (D)
  5 slime creatures (D)
  2 vampires (D)
  A spriggan (D)
  3 ynoxinuls (D)
  5 yaks (D)
  A steam dragon (D)
  A wyvern (D)
  2 fire elementals (D)
  4 neqoxecs (D)
  A small abomination (D)
  12 golden eyes (D)
  2 redbacks (D)
  2 vampire mosquitoes (D)
  A chaos spawn (D)
  3 acid dragons (D)
  A floating eye (D)
  10 hell hounds (D)
  A large abomination (D)
  17 orc warriors (D)
  2 ogres (D)
  6 wolves (D)
  2 earth elementals (D)
  2 necrophages (D)
  6 killer bees (D)
  An iron imp (D)
  An iguana (D)
  2 orc wizards (D)
  4 adders (D)
  A river rat (D)
  A shadow imp (D)
  An ufetubus (D)
  3 adder zombies (D)
  4 adder skeletons (D)
  An adder simulacrum (D)
  9 orcs (D)
  A bat (D)
  3 bat skeletons (D)
  3 giant cockroaches (D)
  A goblin (D)
  A quokka (D)
  2 ball python simulacra (D)
  2 ball python skeletons (D)
  7 ball python zombies (D)
  2 bat simulacra (D)
  A frilled lizard (D)
  2 giant cockroach simulacra (D)
  A giant cockroach zombie (D)
  A jackal skeleton (D)
  A jackal zombie (D)
  A quokka simulacrum (D)
  3 quokka skeletons (D)
  3 quokka zombies (D)
  A rat (D)
  23 fire vortices (D)
783 creatures vanquished.

Vanquished Creatures (collateral kills)
  A seraph (D)
  A royal mummy (D)
  A bone dragon (D)
  An Orb Guardian (D)
  A lich (D)
  A nagaraja (D)
  A deep elf annihilator (D)
  A yaktaur captain (D)
  An ogre mage (D)
  An iron troll (D)
  An orc knight (D)
  An ice devil (D)
  A hornet (D)
  3 dream sheep (D)
  An acid dragon (D)
  A wolf (D)
  A quasit (D)
  A worm (D)
  A ball python (D)
  A foxfire (D)
22 creatures vanquished.

Vanquished Creatures (others)
  A sphinx (D)
  An Executioner (D)
  A green death (D)
  A floating eye (D)
  219 fire vortices (D)
  167 foxfires (D)
390 creatures vanquished.

Grand Total: 1195 creatures vanquished

Notes
Turn   | Place    | Note
-------+----------+-------------------------------------------
     0 | D        | Conn the Octopode Fire Elementalist began the quest for the
                  | Orb.
     0 | D        | Reached XP level 1. HP: 11/11 MP: 3/3
    84 | D        | Found a bloodstained altar of Trog.
    84 | D        | Found a shimmering blue altar of Sif Muna.
    84 | D        | Found a viscous altar of Jiyva.
    84 | D        | Found a hazy altar of Hepliaklqana.
    84 | D        | Found an opulent altar of Gozag.
    85 | D        | Found a glowing golden altar of the Shining One.
    85 | D        | Found a glowing silver altar of Zin.
    85 | D        | Found a basalt altar of Yredelemnul.
    85 | D        | Found a shimmering altar of Xom.
    85 | D        | Found an ornate altar of the Wu Jian Council.
    85 | D        | Found a sacrificial altar of Ru.
    85 | D        | Found a stormy altar of Qazlal.
    85 | D        | Found an iron altar of Okawaru.
    85 | D        | Found a sparkling altar of Nemelex Xobeh.
    85 | D        | Found a burning altar of Makhleb.
    85 | D        | Found a blossoming altar of Fedhas.
    85 | D        | Found a white marble altar of Elyvilon.
    85 | D        | Found a shadowy altar of Dithmenos.
    85 | D        | Found a snail-covered altar of Cheibriados.
    87 | D        | Found a corrupted altar of Lugonu.
    87 | D        | Found a radiant altar of Vehumet.
    88 | D        | Found an ancient bone altar of Kikubaaqudgha.
    88 | D        | Found a hide-covered altar of Uskayaw.
    88 | D        | Found a broken altar of Ashenzari.
    93 | D        | Became a worshipper of Sif Muna the Loreminder
   134 | D        | Reached * piety under Sif Muna
   135 | D        | Reached XP level 2. HP: 11/17 MP: 3/5
   139 | D        | Learned a level 2 spell: Scorch
   216 | D        | Reached ** piety under Sif Muna
   219 | D        | Reached skill level 1 in Polearms
   219 | D        | Reached skill level 5 in Fire Magic
   219 | D        | Reached XP level 3. HP: 20/21 MP: 4/7
   348 | D        | Noticed a wolf
   355 | D        | Learned a level 3 spell: Inner Flame
   359 | D        | Reached XP level 4. HP: 27/27 MP: 2/10
   375 | D        | Reached *** piety under Sif Muna
   384 | D        | Reached skill level 1 in Invocations
   391 | D        | Killed a wolf
   392 | D        | Reached skill level 5 in Stealth
   392 | D        | Reached skill level 5 in Spellcasting
   392 | D        | Reached XP level 5. HP: 32/32 MP: 2/13
   393 | D        | Reached **** piety under Sif Muna
   478 | D        | Learned a level 4 spell: Flame Wave
   484 | D        | Noticed a bog body
   510 | D        | Killed a bog body
   511 | D        | Reached skill level 1 in Fighting
   511 | D        | Reached skill level 5 in Polearms
   511 | D        | Reached skill level 5 in Conjurations
   511 | D        | Reached skill level 1 in Hexes
   511 | D        | Reached skill level 5 in Invocations
   511 | D        | Reached XP level 6. HP: 39/39 MP: 0/18
   511 | D        | Reached XP level 7. HP: 44/44 MP: 0/19
   530 | D        | Noticed a flying skull
   532 | D        | Killed a flying skull
   532 | D        | Reached ***** piety under Sif Muna
   533 | D        | Reached XP level 8. HP: 50/50 MP: 18/21
   538 | D        | Noticed a manticore
   543 | D        | Noticed a tyrant leech
   557 | D        | Killed a manticore
   558 | D        | Reached skill level 10 in Spellcasting
   590 | D        | Killed a tyrant leech
   590 | D        | Received a gift from Sif Muna
   591 | D        | Got Sonuhubes's Almanac of Geology and Austromancy {god
                  | gift}
   596 | D        | Learned a level 3 spell: Mephitic Cloud
   601 | D        | Learned a level 4 spell: Airstrike
   606 | D        | Learned a level 4 spell: Summon Lightning Spire
   613 | D        | Learned a level 6 spell: Plasma Beam
   798 | D        | Noticed a blink frog
   798 | D        | Noticed a blink frog
   799 | D        | Noticed a blink frog
   802 | D        | Noticed a blink frog
   803 | D        | Noticed a blink frog
   804 | D        | Killed a blink frog
   805 | D        | Reached skill level 1 in Summonings
   805 | D        | Reached skill level 1 in Air Magic
   805 | D        | Reached XP level 9. HP: 54/54 MP: 8/24
   951 | D        | Noticed a hornet
   962 | D        | HP: 2/54 [hornet (18)]
   962 | D        | Killed a hornet
  1075 | D        | Reached skill level 1 in Poison Magic
  1163 | D        | Noticed an ice devil
  1173 | D        | Reached skill level 10 in Fire Magic
  1173 | D        | Killed an ice devil
  1174 | D        | Received a gift from Sif Muna
  1179 | D        | Got Sif Muna's Quarto of Meteoric Transportation {god gift}
  1190 | D        | Reached XP level 10. HP: 53/61 MP: 5/26
  1190 | D        | Noticed Harold
  1198 | D        | Received a gift from Sif Muna
  1216 | D        | Killed Harold
  1217 | D        | Reached skill level 5 in Air Magic
  1367 | D        | Learned a level 5 spell: Arcjolt
  1375 | D        | Reached ****** piety under Sif Muna
  1377 | D        | Received a gift from Sif Muna
  1385 | D        | Got Sif Muna's Octavo of Conjury {god gift}
  1445 | D        | Learned a level 5 spell: Fireball
  1564 | D        | Noticed a kobold demonologist
  1569 | D        | Killed a kobold demonologist
  1569 | D        | Received a gift from Sif Muna
  1570 | D        | Got Sif Muna's Omnibus of the Fifth Circle {god gift}
  1571 | D        | Noticed a smoke demon
  1583 | D        | Killed a smoke demon
  1677 | D        | Noticed a four-headed hydra
  1683 | D        | Killed a four-headed hydra
  1684 | D        | Reached skill level 10 in Invocations
  1775 | D        | Reached XP level 11. HP: 53/67 MP: 20/28
  1848 | D        | Noticed a spriggan druid
  1848 | D        | Noticed a bog body
  1994 | D        | Learned a level 4 spell: Iskenderun's Mystic Blast
  2011 | D        | Noticed a deep elf master archer
  2023 | D        | Reached skill level 10 in Conjurations
  2034 | D        | Killed a spriggan druid
  2034 | D        | Received a gift from Sif Muna
  2034 | D        | Killed a deep elf master archer
  2065 | D        | Noticed Erolcha
  2070 | D        | Got Zareisut's Volume of Shifting Outbursts {god gift}
  2076 | D        | Killed Erolcha
  2126 | D        | Noticed a vampire mage
  2127 | D        | Killed a vampire mage
  2144 | D        | Received a gift from Sif Muna
  2147 | D        | Got Sif Muna's Codex of Curses {god gift}
  2185 | D        | HP: 2/67 [bog body/bolt of cold (33)]
  2186 | D        | Killed a bog body
  2401 | D        | Noticed a phantasmal warrior
  2407 | D        | Killed a phantasmal warrior
  2408 | D        | Reached skill level 15 in Spellcasting
  2800 | D        | Noticed a catoblepas
  2800 | D        | Noticed a demonic crawler
  2811 | D        | Killed a catoblepas
  2811 | D        | Killed a demonic crawler
  2811 | D        | Received a gift from Sif Muna
  2812 | D        | Reached XP level 12. HP: 24/74 MP: 22/31
  2812 | D        | Got Sif Muna's Parchment of Conflict {god gift}
  2982 | D        | Learned a level 6 spell: Plasma Beam
  2997 | D        | Noticed an orc high priest
  3001 | D        | Reached skill level 1 in Translocations
  3003 | D        | Killed an orc high priest
  3179 | D        | Noticed a six-headed hydra
  3185 | D        | Killed a six-headed hydra
  3238 | D        | Received a gift from Sif Muna
  3262 | D        | Received a gift from Sif Muna
  3263 | D        | Reached skill level 10 in Air Magic
  3264 | D        | Got Fiohynn's Parchment of Fuming Fire {god gift}
  3264 | D        | Got Sif Muna's Handbook of Frostbitten Position {god gift}
  3419 | D        | Noticed an eidolon
  3427 | D        | Killed an eidolon
  3473 | D        | Noticed a naga warrior
  3473 | D        | Noticed an orc warlord
  3473 | D        | Noticed an orc warlord
  3473 | D        | Noticed a vault guard
  3474 | D        | Received a gift from Sif Muna
  3474 | D        | Noticed a deep elf knight
  3474 | D        | Killed a vault guard
  3476 | D        | Killed a naga warrior
  3482 | D        | Killed an orc warlord
  3485 | D        | Killed a deep elf knight
  3487 | D        | Noticed a deep elf knight
  3489 | D        | Noticed a naga warrior
  3495 | D        | Noticed a deep elf knight
  3498 | D        | Received a gift from Sif Muna
  3499 | D        | Got Sif Muna's Writings on Rallying {god gift}
  3508 | D        | Killed a deep elf knight
  3514 | D        | Reached XP level 13. HP: 79/79 MP: 31/33
  3614 | D        | Received a gift from Sif Muna
  3615 | D        | Got Sif Muna's Directory of Companions {god gift}
  3620 | D        | Learned a level 3 spell: Hailstorm
  3761 | D        | Reached skill level 15 in Invocations
  3785 | D        | Killed an orc warlord
  3833 | D        | Noticed a yaktaur captain
  3861 | D        | Killed a yaktaur captain
  3940 | D        | Received a gift from Sif Muna
  3941 | D        | Got Sif Muna's Incunabulum of Combined Bad Luck {god gift}
  4032 | D        | Reached skill level 15 in Fire Magic
  4056 | D        | Noticed an angel
  4073 | D        | Killed an angel
  4101 | D        | Noticed a yaktaur captain
  4129 | D        | Killed a yaktaur captain
  4182 | D        | Noticed a yaktaur captain
  4192 | D        | Killed a yaktaur captain
  4193 | D        | Reached skill level 5 in Summonings
  4273 | D        | Received a gift from Sif Muna
  4277 | D        | Got Sif Muna's Omnibus of Talus and Accompaniment {god
                  | gift}
  4546 | D        | Got the +8 mace "Jaepaz" {freeze, rCorr Int+2}
  4726 | D        | Learned a level 3 spell: Summon Guardian Golem
  4732 | D        | Noticed a nagaraja
  4734 | D        | Noticed a deep elf annihilator
  4738 | D        | Killed a nagaraja
  4739 | D        | Reached skill level 15 in Conjurations
  4778 | D        | Killed a deep elf annihilator
  4779 | D        | Reached skill level 5 in Dodging
  4909 | D        | Noticed a deep elf annihilator
  4911 | D        | Killed a deep elf annihilator
  4911 | D        | Noticed a lich
  4913 | D        | Killed a lich
  5151 | D        | Received a gift from Sif Muna
  5152 | D        | Reached skill level 5 in Hexes
  5187 | D        | Reached XP level 14. HP: 85/85 MP: 20/36
  5265 | D        | Noticed a lorocyproca
  5278 | D        | Killed a lorocyproca
  5345 | D        | Noticed a deep elf annihilator
  5360 | D        | Killed a deep elf annihilator
  5377 | D        | Noticed a deep elf demonologist
  5380 | D        | Killed a deep elf demonologist
  5524 | D        | Noticed a deep elf sorcerer
  5526 | D        | Killed a deep elf sorcerer
  5584 | D        | Received a gift from Sif Muna
  5585 | D        | Got Sif Muna's Precepts of the Vapourous Tropics {god gift}
  5624 | D        | Noticed a white draconian stormcaller
  5627 | D        | Killed a white draconian stormcaller
  5796 | D        | Noticed a black draconian
  5808 | D        | Killed a black draconian
  6042 | D        | Noticed a red draconian
  6044 | D        | Noticed a black draconian
  6057 | D        | Killed a black draconian
  6057 | D        | Received a gift from Sif Muna
  6060 | D        | Killed a red draconian
  6204 | D        | Learned a level 7 spell: Orb of Destruction
  6215 | D        | Learned a level 8 spell: Ignition
  6258 | D        | Got the Vellum of the Plutonic Voyage
  6279 | D        | Got the ring "Otrynkex" {Ice Dex+3}
  6282 | D        | Got the ring of Fyxiefaro {Fire rN++}
  6284 | D        | Got the ring of Sicziggu {rElec MP+9 AC+6}
  6286 | D        | Got the ring of the Verdant Date {Will+ Str+2}
  6288 | D        | Got the ring of the Turtle {+Blink Will- Str+2 SInv}
  6290 | D        | Got the ring "Kilatu" {Will+ EV+6 Dex+4}
  6292 | D        | Got the ring "Muzar" {rN++ EV+6 Int+2 Dex-5}
  6294 | D        | Got the ring of Qulats {rF+ rC+ Slay+3 SInv}
  6296 | D        | Got the ring "Zapo" {rC- AC+6 Dex+4}
  6298 | D        | Got the ring of Ignis's Displeasure {rC+ rN+ Int+4 Dex-2}
  6300 | D        | Got the ring "Kecyosos" {rElec rF- Slay+4 SInv}
  6302 | D        | Got the ring "Ysau" {rF+ rN+ Int+2 Slay-2}
  6304 | D        | Got the ring of Immorality {Drain rF+ rC+ rN+ Int+3}
  6329 | D        | Gained mutation: Your spells are a little harder to cast,
                  | but a little more powerful. [potion of mutation]
  6338 | D        | Got the ring of the Unicorn {rN+ Dex+2 Slay+5 SInv}
  6340 | D        | Got the ring "Ryrugid" {rPois rN+ Will- Str+6}
  6342 | D        | Got the ring "Napu Vem" {Fly rPois rN+ Int-5}
  6344 | D        | Got the amulet "Jyodath" {RegenMP +Blink rF+}
  6346 | D        | Got the amulet of Xom's Entertainment {Acrobat Fragile rN+
                  | Dex+5}
  6348 | D        | Got the amulet of the Noxious Mango {RegenMP rN+ Str-4
                  | SInv}
  6350 | D        | Got the ring of Zaequv {rF+ rN+ rCorr}
  6352 | D        | Got the amulet "Yrasucs" {Spirit rF+++ Will++ Int-3 Dex+4}
  6354 | D        | Got the ring "Dalij" {rPois rCorr SInv}
  6356 | D        | Got the ring of Uweaw {Will- Str+5 Slay+5}
  6358 | D        | Got the ring of the Iron Devil {rC+ Dex-5 Slay+5 SInv
                  | Stlth+}
  6360 | D        | Got the amulet "Lenan" {Reflect rN+ SH+5}
  6362 | D        | Got the amulet "Anloam" {rPois Will- Regen+ Dex+2}
  6550 | D        | Noticed a ghost moth
  6589 | D        | Killed a ghost moth
  6589 | D        | Received a gift from Sif Muna
  6774 | D        | Noticed a Tzitzimitl
  6783 | D        | Killed a Tzitzimitl
  6931 | D        | Noticed a sphinx
  6940 | D        | Killed a sphinx
  6996 | D        | Noticed a curse toe
  6996 | D        | Noticed a ghoul
  6996 | D        | Noticed a ghoul
  6996 | D        | Noticed a Hell Sentinel
  6998 | D        | Received a gift from Sif Muna
  6998 | D        | HP: 2/85 [mirror damage (28)]
  7000 | D        | Killed a ghoul
  7000 | D        | Killed a curse toe
  7000 | D        | Killed a ghoul
  7003 | D        | Killed a Hell Sentinel
  7242 | D        | Noticed a red draconian
  7246 | D        | Received a gift from Sif Muna
  7246 | D        | Killed a red draconian
  7279 | D        | Got Sif Muna's Lectures on Dimensional Bewitchment {god
                  | gift}
  7287 | D        | Got the orb "Sixybb" {light, Fly MP+9}
  7393 | D        | Noticed a deep elf sorcerer
  7394 | D        | Killed a deep elf sorcerer
  7395 | D        | Reached skill level 5 in Fighting
  7395 | D        | Reached XP level 15. HP: 92/92 MP: 40/40
  7396 | D        | Received a gift from Sif Muna
  7397 | D        | Got Sif Muna's Catalogue of Left-Handed Deeds and Ignition
                  | {god gift}
  7414 | D        | Received a gift from Sif Muna
  7415 | D        | Got Sif Muna's Verses on Crystallized Fulmination {god
                  | gift}
  7451 | D        | Received a gift from Sif Muna
  7452 | D        | Got Mauraum's Parchment of Circular Logic {god gift}
  7691 | D        | Got the Atlas of the Bright Quarry
  7839 | D        | Received a gift from Sif Muna
  7952 | D        | Noticed a ghost moth
  7954 | D        | Noticed Arachne
  7955 | D        | Killed a ghost moth
  7957 | D        | Noticed a fire giant
  7958 | D        | Received a gift from Sif Muna
  7958 | D        | Killed Arachne
  7961 | D        | Received a gift from Sif Muna
  7961 | D        | Noticed a bone dragon
  8001 | D        | Killed a fire giant
  8003 | D        | Killed a bone dragon
  8172 | D        | Noticed a titan
  8175 | D        | Received a gift from Sif Muna
  8181 | D        | Killed a titan
  8205 | D        | Noticed a deep elf blademaster
  8207 | D        | Killed a deep elf blademaster
  8389 | D        | Identified the +7 long sword of Cojem {protect, rCorr SInv}
  8391 | D        | Received a gift from Sif Muna
  8417 | D        | Reached skill level 10 in Fighting
  8417 | D        | Reached XP level 16. HP: 109/109 MP: 40/43
  8730 | D        | Got Sif Muna's Book of Malediction and Forms {god gift}
  8781 | D        | Received a gift from Sif Muna
  8926 | D        | Got Sif Muna's Lectures on the Familiar {god gift}
  9044 | D        | Learned a level 9 spell: Fire Storm
  9115 | D        | Got the +0 hat "Isoegeny" {rElec Str+2 Slay+2}
  9233 | D        | Received a gift from Sif Muna
  9233 | D        | Received a gift from Sif Muna
  9233 | D        | Received a gift from Sif Muna
  9233 | D        | Received a gift from Sif Muna
  9233 | D        | Received a gift from Sif Muna
  9233 | D        | Received a gift from Sif Muna
  9234 | D        | Received a gift from Sif Muna
  9235 | D        | Received a gift from Sif Muna
  9374 | D        | Got Sif Muna's Lost Compendium of the Archmage {god gift}
  9374 | D        | Got Sif Muna's Total Understanding of the Hermit's Heritage
                  | {god gift}
  9374 | D        | Got Haub's Precepts of Inference {god gift}
  9423 | D        | Got the ring "Vidin" {Wiz Will++ MP+9 Str-5 SInv}
  9456 | D        | Got a silver rune of Zot
  9504 | D        | Learned a level 2 spell: Blink
  9589 | D        | Noticed Mennas
  9589 | D        | Received a gift from Sif Muna
  9592 | D        | Noticed a deep elf blademaster
  9608 | D        | Killed Mennas
  9608 | D        | Received a gift from Sif Muna
  9608 | D        | Killed a deep elf blademaster
  9609 | D        | Reached XP level 17. HP: 47/125 MP: 43/47
  9611 | D        | Got Kuamo's Codex of Coarse Sculpting {god gift}
  9852 | D        | Noticed a Brimstone Fiend
  9855 | D        | Killed a Brimstone Fiend
  9856 | D        | Reached skill level 1 in Shields
 10021 | D        | Noticed a titan
 10022 | D        | Killed a titan
 10023 | D        | Reached skill level 15 in Fighting
 10023 | D        | Reached skill level 27 in Spellcasting
 10023 | D        | Reached skill level 27 in Fire Magic
 10154 | D        | Noticed Margery
 10157 | D        | Killed Margery
 10163 | D        | Reached skill level 10 in Translocations
 10286 | D        | Noticed a titan
 10288 | D        | Noticed a deep elf blademaster
 10289 | D        | Killed a titan
 10289 | D        | Killed a deep elf blademaster
 10504 | D        | Got the ring of Wetoaroc {Fly Will++ Dex+3}
 10507 | D        | Got the ring "Sacwoj" {rF+ rC+ rN++ rCorr Dex-3}
 10547 | D        | Reached skill level 5 in Shields
 10656 | D        | Noticed a profane servitor
 10656 | D        | Noticed a quicksilver dragon
 10656 | D        | Noticed a deep elf blademaster
 10656 | D        | Noticed a curse toe
 10659 | D        | Killed a deep elf blademaster
 10660 | D        | Killed a curse toe
 10660 | D        | Killed a quicksilver dragon
 10660 | D        | Killed a profane servitor
 10744 | D        | Learned a level 8 spell: Disjunction
 10747 | D        | Noticed Mara
 10747 | D        | Noticed Boris
 10749 | D        | Killed Boris
 10750 | D        | Reached skill level 15 in Shields
 10752 | D        | Killed Mara
 10752 | D        | Killed a curse toe
 10753 | D        | Reached XP level 18. HP: 127/137 MP: 31/49
 10777 | D        | Noticed Frederick
 10790 | D        | Killed Frederick
 10955 | D        | Noticed the 27-headed Lernaean hydra
 10955 | D        | Noticed an Orb Guardian
 10955 | D        | Noticed an Orb Guardian
 10955 | D        | Noticed an Orb Guardian
 10956 | D        | Killed an Orb Guardian
 10956 | D        | Killed an Orb Guardian
 10956 | D        | Killed an Orb Guardian
 10956 | D        | Killed an Orb Guardian
 10957 | D        | Noticed a titan
 10958 | D        | Killed a titan
 10958 | D        | Killed the 27-headed Lernaean hydra
 10960 | D        | Noticed an electric golem
 10960 | D        | Noticed a quicksilver dragon
 10961 | D        | Noticed an Orb Guardian
 10962 | D        | Killed a quicksilver dragon
 10962 | D        | Killed an Orb Guardian
 10962 | D        | Killed an Orb Guardian
 10965 | D        | Killed an Orb Guardian
 10966 | D        | Killed an electric golem
 10966 | D        | Noticed Jory
 10969 | D        | Killed Jory
 11080 | D        | Noticed an Orb Guardian
 11080 | D        | Noticed an Orb Guardian
 11080 | D        | Noticed an Orb Guardian
 11082 | D        | Killed an Orb Guardian
 11082 | D        | Killed an Orb Guardian
 11082 | D        | Noticed Dispater
 11083 | D        | Killed an Orb Guardian
 11083 | D        | Noticed a bone dragon
 11084 | D        | Killed a bone dragon
 11085 | D        | Reached skill level 27 in Shields
 11085 | D        | Reached skill level 1 in Ice Magic
 11086 | D        | Killed a Brimstone Fiend
 11087 | D        | Killed Dispater
 11087 | D        | Killed a lich
 11087 | D        | Killed a pearl dragon
 11087 | D        | Noticed Jen Ylij the pandemonium lord
 11088 | D        | Reached skill level 5 in Ice Magic
 11088 | D        | Killed a deep elf blademaster
 11095 | D        | Killed Jen Ylij the pandemonium lord
 11096 | D        | Noticed Sorghu the pandemonium lord
 11100 | D        | Killed Sorghu the pandemonium lord
 11100 | D        | Noticed an Orb Guardian
 11107 | D        | Noticed the Royal Jelly
 11108 | D        | Killed an Orb Guardian
 11109 | D        | Reached XP level 19. HP: 146/147 MP: 18/50
 11110 | D        | Killed the Royal Jelly
 11111 | D        | Reached skill level 27 in Conjurations
 11340 | D        | Noticed a royal mummy
 11345 | D        | Killed a royal mummy
 11346 | D        | Reached skill level 10 in Ice Magic
 11548 | D        | Noticed a Killer Klown
 11552 | D        | Killed a Killer Klown
 11553 | D        | Reached skill level 15 in Air Magic
 11639 | D        | Noticed Reci the pandemonium lord
 11643 | D        | Killed Reci the pandemonium lord
 11712 | D        | Noticed a royal mummy
 11712 | D        | Noticed an ancient lich
 11712 | D        | Noticed a royal mummy
 11712 | D        | Noticed a royal mummy
 11712 | D        | Noticed a bone dragon
 11712 | D        | Noticed a royal mummy
 11712 | D        | Noticed a bone dragon
 11713 | D        | Killed a royal mummy
 11714 | D        | Killed a royal mummy
 11714 | D        | Killed a royal mummy
 11714 | D        | Killed an ancient lich
 11715 | D        | Noticed a bone dragon
 11717 | D        | Killed a bone dragon
 11717 | D        | Killed a royal mummy
 11718 | D        | Reached skill level 15 in Ice Magic
 11718 | D        | Killed a bone dragon
 11727 | D        | Killed a bone dragon
 11971 | D        | Noticed a bone dragon
 11971 | D        | Noticed a bone dragon
 11980 | D        | Noticed an ancient lich
 11981 | D        | Killed a bone dragon
 11983 | D        | Killed a bone dragon
 11986 | D        | Killed an ancient lich
 12008 | D        | Noticed a bone dragon
 12054 | D        | Killed a bone dragon
 12242 | D        | Noticed Geryon
 12243 | D        | Noticed Xtahua
 12249 | D        | Noticed an orb of fire
 12249 | D        | Noticed an electric golem
 12251 | D        | Killed an electric golem
 12253 | D        | Gained mutation: You occasionally shout uncontrollably at
                  | your foes. [an orb of fire]
 12254 | D        | Killed Xtahua
 12254 | D        | Killed an orb of fire
 12254 | D        | Noticed Dissolution
 12255 | D        | Reached XP level 20. HP: 159/169 MP: 12/51
 12261 | D        | Killed Dissolution
 12262 | D        | Noticed Onodois the pandemonium lord
 12264 | D        | Killed Geryon
 12265 | D        | Killed Onodois the pandemonium lord
 12283 | D        | Identified the +7 long sword "Domunob" {heavy, rC+ Dex+3}
                  | (You took it off a skeletal warrior in the Dungeon)
 12453 | D        | Noticed a royal mummy
 12455 | D        | Killed a royal mummy
 12484 | D        | Noticed a hellephant
 12494 | D        | Killed a hellephant
 12673 | D        | Noticed a pearl dragon
 12682 | D        | Killed a pearl dragon
 12853 | D        | Noticed Louise
 12855 | D        | Killed Louise
 12856 | D        | Reached skill level 27 in Air Magic
 12856 | D        | Noticed an orb of fire
 12861 | D        | Killed a pearl dragon
 12871 | D        | Killed an orb of fire
 12936 | D        | Noticed an orb of fire
 12939 | D        | Killed an orb of fire
 12984 | D        | Noticed Ugadesum the pandemonium lord
 12986 | D        | Killed Ugadesum the pandemonium lord
 12987 | D        | Reached skill level 27 in Fighting
 13016 | D        | Killed a pearl dragon
 13046 | D        | Noticed Khufu
 13048 | D        | Killed Khufu
 13050 | D        | Noticed Baull the pandemonium lord
 13052 | D        | Killed Baull the pandemonium lord
 13068 | D        | Noticed Antaeus
 13076 | D        | Noticed Bar Diul the pandemonium lord
 13081 | D        | Killed Antaeus
 13082 | D        | HP: 3/177 [Bar Diul the pandemonium lord/damnation (14)]
 13092 | D        | Killed Bar Diul the pandemonium lord
 13093 | D        | Reached skill level 27 in Ice Magic
 13325 | D        | Got the ring "Qar Osac" {Fire rN++ Int-3 Dex+2 Stlth+}
 13346 | D        | Got an iron rune of Zot
 13376 | D        | Noticed a golden dragon
 13382 | D        | Killed a golden dragon
 13444 | D        | Noticed a royal mummy
 13448 | D        | Killed a royal mummy
 13449 | D        | Reached skill level 10 in Dodging
 13528 | D        | Reached XP level 21. HP: 183/183 MP: 52/52
 13611 | D        | Identified the +4 trident "Unloza" {drain, Will+ rCorr}
 13637 | D        | Learned a level 9 spell: Polar Vortex
 13650 | D        | Learned a level 9 spell: Chain Lightning
 13666 | D        | Identified the +9 orcbow of Peril {freeze, rElec rN++ rCorr
                  | Dex-2}
 13696 | D        | Identified the ring of Xomahama {rN+ Will+ AC+4}
 13713 | D        | Noticed an ancient lich
 13716 | D        | Noticed an ancient lich
 13717 | D        | Killed an ancient lich
 13719 | D        | Killed an ancient lich
 13720 | D        | Reached skill level 15 in Translocations
 14121 | D        | Got a golden rune of Zot
 14362 | D        | Noticed a pearl dragon
 14366 | D        | Killed a pearl dragon
 14367 | D        | Reached skill level 15 in Dodging
 14376 | D        | Noticed an orb of fire
 14380 | D        | Killed an orb of fire
 14384 | D        | Noticed an ancient lich
 14387 | D        | Killed an ancient lich
 14658 | D        | Noticed Nikola
 14659 | D        | Killed Nikola
 14890 | D        | Found the +4 dragonskin cloak
 14890 | D        | Noticed Tiamat
 14903 | D        | Killed Tiamat
 15156 | D        | Noticed Numn the pandemonium lord
 15158 | D        | Reached skill level 10 in Stealth
 15159 | D        | Killed Numn the pandemonium lord
 15203 | D        | Noticed an orb of fire
 15207 | D        | Gained mutation: You occasionally lose the ability to drink
                  | potions when taking damage. [an orb of fire]
 15208 | D        | Killed an orb of fire
 15372 | D        | Got the Orb of Zot
 15386 | D        | Reached skill level 27 in Dodging
 15533 | D        | Reached XP level 22. HP: 190/190 MP: 53/53
 15631 | D        | Noticed Noguf the pandemonium lord
 15633 | D        | Killed Noguf the pandemonium lord
 16182 | D        | Noticed a seraph
 16185 | D        | Killed a seraph
 16186 | D        | Reached skill level 15 in Stealth
 16186 | D        | Reached skill level 27 in Translocations
 16240 | D        | Noticed a seraph
 16244 | D        | Killed a seraph
 16274 | D        | Noticed Isij the pandemonium lord
 16277 | D        | Killed Isij the pandemonium lord
 16291 | D        | Killed a seraph
 16292 | D        | Reached skill level 27 in Stealth
 16475 | D        | Reached skill level 5 in Staves
 16696 | D        | Noticed Waipidax the pandemonium lord
 16704 | D        | Killed Waipidax the pandemonium lord
 16747 | D        | Reached skill level 10 in Staves
 16882 | D        | Noticed a seraph
 16887 | D        | Killed a seraph
 16978 | D        | Noticed Tilaic the pandemonium lord
 16985 | D        | Killed Tilaic the pandemonium lord
 17304 | D        | Noticed Xenuacann the pandemonium lord
 17305 | D        | Reached skill level 15 in Staves
 17308 | D        | Reached XP level 23. HP: 92/197 MP: 9/54
 17310 | D        | Killed Xenuacann the pandemonium lord
 17311 | D        | Reached skill level 27 in Invocations
 17768 | D        | Noticed Boris
 17769 | D        | Killed Boris
 17856 | D        | Noticed Lidok the pandemonium lord
 17875 | D        | Killed Lidok the pandemonium lord
 17876 | D        | Reached skill level 27 in Staves
 17883 | D        | Reached skill level 1 in Long Blades
 17883 | D        | Reached skill level 1 in Axes
 17883 | D        | Reached skill level 1 in Unarmed Combat
 17883 | D        | Reached skill level 1 in Evocations
 17946 | D        | Reached skill level 5 in Poison Magic
 17962 | D        | Learned a level 8 spell: Lehudib's Crystal Spear
 17992 | D        | Reached skill level 5 in Earth Magic
 18007 | D        | Noticed Gahuf the pandemonium lord
 18013 | D        | Killed Gahuf the pandemonium lord
 18014 | D        | Reached skill level 10 in Earth Magic
 18115 | D        | Reached skill level 15 in Earth Magic
 18410 | D        | Escaped with the Orb!

Illustrated notes

Levels and vault maps discovered:
D:        pitsprint [storerooms_1, entrance_room_1, metal_vault_5, armoury_1,
          mini_pit_1, grid_room_1, main_hall_1, silver_pit, the_coven_3,
          the_vestibule_1, steel_vault_2, golden_pit, hallway_of_sentries,
          crystal_vault_6, iron_vault_4, final_vault]

Skill      XL: |  1  2  3  4  5  6  7  8  9 10 11 12 13 14 15 16 17 18 19 20 21 22 23 |
---------------+----------------------------------------------------------------------+-----
Stealth        | 3 4 5 6 7 10 27 | 27.0
Fire Magic     | 4 5 6 8 9 10 11 12 14 16 21 24 26 27 | 27.0
Spellcasting   | 3 4 5 9 11 12 13 15 16 18 21 23 26 27 | 27.0
Polearms       | 1 3 5 6 7 |  7.8
Conjurations   | 3 5 6 8 9 12 13 15 17 19 22 24 26 27 | 27.0
Invocations    | 2 5 6 7 8 10 12 14 15 26 27 | 27.0
Dodging        | 3 4 5 6 10 27 | 27.0
Fighting       | 1 2 3 4 5 10 14 16 18 23 27 | 27.0
Hexes          | 1 2 3 4 5 6 7 8 |  8.3
Summonings     | 1 3 4 6 7 9 |  9.0
Air Magic      | 1 4 6 9 11 12 13 24 27 | 27.0
Poison Magic   | 1 2 4 6 |  6.3
Translocations | 1 2 3 4 6 11 13 23 27 | 27.0
Shields        | 17 27 | 27.0
Ice Magic      | 8 17 27 | 27.0
Staves         | 15 27 | 27.0
Long Blades    | 4 |  4.1
Axes           | 4 |  4.2
Unarmed Combat | 4 |  4.1
Evocations     | 3 |  3.9
Earth Magic    | 17 | 17.6

Action                     |  1- 3 |  4- 6 |  7- 9 | 10-12 | 13-15 | 16-18 | 19-21 | 22-24 || total
---------------------------+-------+-------+-------+-------+-------+-------+-------+-------++-------
  Melee: Trident           |    19 |    10 |     6 |     6 |     2 |       |       |       ||    43
         Constrict         |     3 |     1 |     1 |       |     1 |       |     6 |     2 ||    14
         Tentacles         |     2 |       |       |     1 |       |       |    14 |     9 ||    26
         Long sword        |       |       |       |       |       |     2 |       |       ||     2
         Staff             |       |       |       |       |       |       |    51 |    27 ||    78
         Punch             |       |       |       |       |       |       |       |     3 ||     3
   Cast: Foxfire           |    10 |    10 |    14 |    48 |    24 |       |       |     5 ||   111
         Scorch            |     3 |     4 |    10 |    31 |    52 |       |     4 |     2 ||   106
         Inner Flame       |     1 |       |     4 |     7 |     9 |       |       |       ||    21
         Flame Wave        |       |       |     7 |    12 |     2 |       |       |       ||    21
         Mephitic Cloud    |       |       |     3 |     8 |    14 |     1 |     4 |       ||    30
         Summon Lightning  |       |       |     1 |     8 |    21 |       |       |       ||    30
         Fireball          |       |       |       |    20 |     5 |     5 |     1 |       ||    31
         Airstrike         |       |       |       |     1 |     5 |       |       |       ||     6
         Iskenderun's Myst |       |       |       |    11 |    17 |     7 |    27 |    29 ||    91
         Arcjolt           |       |       |       |     4 |     5 |       |     3 |       ||    12
         Fire Storm        |       |       |       |     4 |     4 |    42 |    87 |    71 ||   208
         Plasma Beam       |       |       |       |    10 |   103 |     8 |    26 |       ||   147
         Summon Guardian G |       |       |       |       |    11 |     1 |       |       ||    12
         Orb of Destructio |       |       |       |       |     6 |    30 |    35 |    21 ||    92
         Hailstorm         |       |       |       |       |     5 |       |       |       ||     5
         Ignition          |       |       |       |       |    10 |     7 |     4 |       ||    21
         Chain Lightning   |       |       |       |       |     2 |     2 |     1 |     4 ||     9
         Blink             |       |       |       |       |       |     2 |     4 |       ||     6
         Polar Vortex      |       |       |       |       |       |       |     6 |    50 ||    56
 Invoke: Channel Magic     |       |       |     1 |     7 |    15 |     5 |     8 |     9 ||    45
         Divine Exegesis   |       |       |       |     4 |     6 |     3 |     4 |       ||    17
         Forget Spell      |       |       |       |       |       |       |     3 |       ||     3
    Use: Scroll            |       |     1 |       |     1 |     5 |     7 |     4 |       ||    18
         Potion            |       |     2 |     1 |     6 |     6 |     7 |     5 |     1 ||    28
   Stab: Sleeping          |     1 |     1 |       |       |       |       |       |       ||     2
         Invisible         |       |       |     1 |       |       |       |       |       ||     1
         Distracted        |       |       |       |       |       |       |       |     2 ||     2
 Armour: Skin              |     9 |       |       |     2 |     8 |       |    10 |     3 ||    32
  Dodge: Dodged            |    18 |     1 |    13 |    60 |    48 |    22 |    27 |    28 ||   217
  Block: Other             |       |       |       |       |     2 |       |       |       ||     2
         Orb               |       |       |       |       |     1 |     4 |       |       ||     5
         Reflection        |       |       |       |       |     1 |       |     9 |    10 ||    20
         Tower shield      |       |       |       |       |       |     2 |   117 |    89 ||   208

Table legend: (Time is in decaauts) A = Elapsed time spent in this place. B = Non-inter-level travel time spent in this place. C = Inter-level travel time spent in this place. D = Time resting spent in this place. E = Time spent auto-exploring this place. F = Levels seen in this place. G = Mean time per level. A B C D E F G +--------+--------+--------+--------+--------+-----+--------+ Total | 18343 | 18214 | 129 | 10330 | 553 | 1 | 18343.0 | Dungeon | 18343 | 18214 | 129 | 10330 | 553 | 1 | 18343.0 | +--------+--------+--------+--------+--------+-----+--------+

Top non-repeatable levels by time:
       D: 18343 daAuts
